 Dungeon Crawl Stone Soup version 0.31-a0-233-g139696dc86 (webtiles) character file.

Game seed: 9212381204305417545

350 qw the Shooter (level 6, 0/51 HPs)
             Began as a Minotaur Hexslinger on July 7, 2023.
             Was an Initiate of Okawaru.
             Killed by divine providence
             ... invoked by an orc priest
              (15 damage)
             ... on level 4 of the Dungeon.
             The game lasted 00:01:01 (2400 turns).

qw the Shooter (Minotaur Hexslinger)                Turns: 2400, Time: 00:01:01

Health: 0/51       AC:  4    Str: 12    XL:     6   Next: 34%
Magic:  6/6        EV: 17    Int: 10    God:    Okawaru [......]
Gold:   253        SH:  5    Dex: 15    Spells: 6/7 levels left

rFire   . . .        Y - +1 sling
rCold   . . .        (no shield)
rNeg    . . .        i - +0 leather armour
rPois   .            (helmet restricted)
rElec   .            (no cloak)
rCorr   .            a - +0 pair of gloves
SInv    .            (no boots)
Will    .....        f - amulet of reflection
Stlth   +            k - +5 ring of evasion
HPRegen 0.28/turn    (no ring)
MPRegen 0.10/turn

%: reflection
@: no status effects
A: horns 2, retaliatory headbutt
a: Renounce Religion


You were on level 4 of the Dungeon.
You worshipped Okawaru.
Okawaru was noncommittal.
You visited 2 branches of the dungeon, and saw 5 of its levels.

You collected 253 gold pieces.


Innate Abilities, Weirdness & Mutations

You have a pair of horns on your head.
You reflexively headbutt those who attack you in melee.


   Skills:
 + Level 3.0 Fighting
 - Level 6.8 Ranged Weapons
 - Level 1.3 Armour
 - Level 2.1 Dodging
 - Level 1.0 Spellcasting
 - Level 2.0 Hexes


You had 6 spell levels left.
You knew the following spells:

 Your Spells              Type           Power      Damage    Failure   Level
a - Slow                  Hex            16%        N/A       19%         1

Your spell library contained the following spells:

 Spells                   Type           Power      Damage    Failure   Level
 Inner Flame              Hex/Fire       2%         N/A       65%         3
 Portal Projectile        Hex/Tloc       4%         N/A       65%         3
 Cause Fear               Hex            2%         N/A       88%         4

Inventory:

Hand Weapons
 Y - a +1 sling (weapon)
Armour
 a - a +0 pair of gloves (worn)
 i - a +0 leather armour (worn)
Jewellery
 f - an amulet of reflection (around neck)
 k - a +5 ring of evasion (left hand)
Wands
 e - a wand of digging (6)
Scrolls
 b - a scroll of brand weapon {unknown}
 c - a scroll of blinking {unknown}
 h - a scroll of identify
Potions
 d - a potion of magic {unknown}
 g - 2 potions of heal wounds
 j - a potion of lignification {unknown}
 l - a potion of curing {unknown}

Dungeon Overview and Level Annotations

Branches:
Dungeon (4/15)             Temple (1/1) D:4

Altars:
Dithmenos
Elyvilon
Gozag
Hepliaklqana
Kikubaaqudgha
Makhleb
Nemelex Xobeh
Okawaru
Ru
Sif Muna
Trog
Uskayaw
Vehumet

Annotations:
D:3 1 runed translucent door, qw's ghost, amateur GrHs


Message History

The goblin hits you but does no damage.
You shoot a sling bullet.
The sling bullet hits the orc priest but does no damage.
The orc priest is severely wounded.
The orc priest closely misses you. The goblin completely misses you.
You shoot a sling bullet.
The sling bullet hits the orc priest but does no damage.
The orc priest is severely wounded.
The goblin misses you.
You shoot a sling bullet.
The sling bullet barely misses the orc priest.
The orc priest mumbles some strange prayers to Beogh against you.
Pain shoots through your body! The orc hits you but does no damage.
You block the goblin's attack.
You shoot a sling bullet.
The sling bullet closely misses the orc priest.
The orc priest casts a cantrip, but nothing happens.
The orc hits you with a +0 dagger. The goblin hits you with a +0 dagger.
You shoot a sling bullet.
The sling bullet hits the orc priest but does no damage.
The orc priest is severely wounded.
The orc hits you but does no damage.
The orc priest hits you but does no damage.
The goblin hits you but does no damage.
The orc priest casts a cantrip, but nothing happens.
The orc hits you with a +0 dagger.
You shoot a sling bullet. The sling bullet hits the orc priest.
The orc priest is severely wounded.
You block the goblin's attack.
The orc priest hits you but does no damage.
The orc barely misses you.
You shoot a sling bullet.
The sling bullet hits the orc priest but does no damage.
The orc priest is severely wounded.
The goblin hits you with a +0 dagger.
The orc priest mumbles some strange prayers to Beogh against you.
Beogh smites you!
The orc priest mumbles some strange prayers to Beogh against you.
Beogh smites you!
You die...

........####.
......... #~##....# #.
......... ~~#~#..# #.
........ ~~~~~#..# #.
#!....#~~#~~#~##.####.
#.....#~~~~~~~~#...##.
#....o#~~#~~~#~~.#.##.
#...og##~~~~~~##......
#..oo@.~~~~#~~#....###
###.#^.###~~##~..###
#.#....##~~....#
#..........(...#
#........#######
##########


You could see 2 orc priests, 2 orcs and a goblin.

Vanquished Creatures
  Menkaure (D:4)
  2 hounds (D:4)
  Natasha (thrice) (D:2)
  2 adders (D:2)
  A worm (D:4)
  3 dart slugs
  4 orcs
  9 ball pythons
  2 bats (D:2)
  10 endoplasms
  A giant cockroach (D:3)
  2 goblins
  7 hobgoblins
  3 jackals (D:2)
  5 kobolds
  A quokka (D:3)
  3 frilled lizards
  6 rats
65 creatures vanquished.

Notes
Turn   | Place    | Note
-------+----------+-------------------------------------------
     0 | D:1      | qw the Minotaur Hexslinger began the quest for the Orb.
     0 | D:1      | Reached XP level 1. HP: 16/16 MP: 1/1
     0 | D:1      | 0 ||| qw: Version: 0.3-a-46-gb1f654a
     0 | D:1      | 0 ||| qw: Game counter: 3241
     0 | D:1      | 0 ||| qw: Melee chars always use a shield: true
     0 | D:1      | 0 ||| qw: God list: Okawaru
     0 | D:1      | 0 ||| qw: Allow faded altars: false
     0 | D:1      | 0 ||| qw: Do Orc after clearing Dungeon:15 true
     0 | D:1      | 0 ||| qw: Do second Lair branch before Depths: true
     0 | D:1      | 0 ||| qw: Lair rune preference: random
     0 | D:1      | 0 ||| qw: Goals: Normal
     0 | D:1      | 0 ||| PLANNING D:1-11
   103 | D:1      | Reached skill level 3 in Ranged Weapons
   111 | D:1      | Reached XP level 2. HP: 22/23 MP: 2/2
   483 | D:1      | 483 ||| DROPPING amulet of magic regeneration.
   484 | D:1      | 484 ||| READING scroll labelled EMOMUCL BYRPHA.
   487 | D:1      | 487 ||| READING 2 scrolls labelled HER DAZXATHRAGGEXE.
   488 | D:1      | 488 ||| READING scroll labelled WYGUSS TASHROJ.
   489 | D:1      | 489 ||| READING scroll labelled YTROUDGHICUM.
   490 | D:1      | 490 ||| DROPPING scroll of poison.
   491 | D:1      | 491 ||| DROPPING scroll of immolation.
   511 | D:2      | Noticed Natasha
   518 | D:2      | Killed Natasha
   519 | D:2      | Reached skill level 4 in Ranged Weapons
   519 | D:2      | Reached XP level 3. HP: 11/29 MP: 3/3
   603 | D:2      | Noticed Natasha
   611 | D:2      | Killed Natasha
   612 | D:2      | Reached XP level 4. HP: 19/36 MP: 4/4
   693 | D:2      | Noticed Natasha
   700 | D:2      | Killed Natasha
   701 | D:2      | Reached skill level 5 in Ranged Weapons
   792 | D:2      | 792 ||| FLEEEEING.
  1073 | D:2      | Reached skill level 3 in Fighting
  1201 | D:2      | 1201 ||| UPGRADING to +0 pair of gloves.
  1206 | D:2      | 1206 ||| UPGRADING to amulet of reflection.
  1211 | D:2      | 1211 ||| READING scroll labelled TIDI QECING.
  1283 | D:3      | Reached XP level 5. HP: 45/45 MP: 5/5
  1730 | D:3      | Found a runed translucent door.
  1733 | D:3      | Noticed qw's ghost (amateur GrHs)
  1866 | D:3      | Found a shimmering blue altar of Sif Muna.
  1897 | D:3      | 1897 ||| UPGRADING to +0 leather armour.
  1907 | D:3      | 1907 ||| DROPPING +0 robe.
  1908 | D:3      | 1908 ||| UPGRADING to +5 ring of evasion.
  1909 | D:3      | 1909 ||| DRINKING 2 viscous grey potions.
  1910 | D:3      | 1910 ||| DRINKING 4 sapphire potions.
  1911 | D:3      | 1911 ||| READING 2 scrolls of identify.
  1911 | D:3      | 1911 ||| IDENTIFYING bubbling puce potion
  1912 | D:3      | 1912 ||| DROPPING potion of ambrosia.
  1913 | D:3      | 1913 ||| DROPPING potion of attraction.
  1953 | D:4      | Found a staircase to the Ecumenical Temple.
  1954 | D:4      | 1954 ||| PLANNING TEMPLE
  1997 | Temple   | Entered the Ecumenical Temple
  2024 | Temple   | 2024 ||| PLANNING OKAWARU WORSHIP
  2097 | Temple   | Became a worshipper of Warmaster Okawaru
  2098 | Temple   | 2098 ||| PLANNING D:1-11
  2202 | D:4      | Noticed Menkaure
  2213 | D:4      | HP: 7/45 [??? (5)]
  2214 | D:4      | 2214 ||| DRINKING 3 potions of heal wounds.
  2216 | D:4      | Killed Menkaure
  2217 | D:4      | Reached skill level 6 in Ranged Weapons
  2217 | D:4      | Reached XP level 6. HP: 14/51 MP: 6/6
  2384 | D:4      | Reached skill level 1 in Armour
  2400 | D:4      | Killed from afar by an orc priest

Levels and vault maps discovered:
D:1:      amcnicky_arrival_choice, layout_rooms
D:2:      layout_basic, uniq_natasha
D:3:      layout_loops_ring, nicolae_sif_muna_little_library,
          ebering_ghost_sewer_d
D:4:      layout_basic, minmay_temple_entry_statues_fountains,
          chequers_serial_rivers_large_a, minivault_4,
          nicolae_elevator_lobby_asterisk, uniq_menkaure
Temple:   nicolae_temple_hex_pool

Skill      XL: |  1  2  3  4  5  6 |
---------------+-------------------+-----
Ranged Weapons | 3 4 5 6 |  6.8
Fighting       | 2 3 |  3.0
Armour         | 1 |  1.3
Dodging        | |  2.1
Spellcasting   | |  1.0
Hexes          | |  2.0

Action                     |  1- 3 |  4- 6 || total
---------------------------+-------+-------++-------
   Fire: Sling             |    67 |   158 ||   225
    Use: Scroll            |     4 |     2 ||     6
         Potion            |       |     3 ||     3
 Armour: Robe              |     2 |     9 ||    11
         Leather armour    |       |     8 ||     8
  Dodge: Dodged            |     8 |    45 ||    53
  Block: Other             |       |    13 ||    13

Table legend:
 A = Non-vault XP
 B = Vault XP
 C = Vault XP percentage of total XP
 D = Non-vault monster count
 E = Vault monster count
 F = Vault count percentage of total count
                 A         B        C        D         E       F
            +---------+---------+-------+---------+---------+-------
      Total |     292 |     209 |  41.7 |      63 |       2 |   3.1
            +---------+---------+-------+---------+---------+-------
        D:1 |      39 |       0 |   0.0 |      20 |       0 |   0.0
        D:2 |     116 |      37 |  24.2 |      17 |       1 |   5.6
        D:3 |      28 |       0 |   0.0 |      15 |       0 |   0.0
        D:4 |     109 |     172 |  61.2 |      11 |       1 |   8.3
            +---------+---------+-------+---------+---------+-------
